[Event "Titled Tuesday Blitz November 2 2021"]
[White "Rasulov, Vugar"]
[Black "Andreikin, Dmitry"]
[WhiteFideId "13402390"]
[BlackFideId "4158814"]
[WhiteElo "2560"]
[BlackElo "2736"]
[Result "0-1"]
[Round "10"]
[TimeControl "180+1"]
[Date "2021.11.02"]
[WhiteClock "0:00:34"]
[BlackClock "0:00:33"]

1. e4 g6 2. d4 Bg7 3. Nf3 d6 4. Nc3 Nf6 5. h3 O-O 6. Be2 Nc6 7. O-O e5 8. dxe5 Nxe5 9. Nxe5 dxe5 10. Be3 c6 11. a4 Qa5 12. Qd6 Rd8 13. Qc5 Qxc5 14. Bxc5 Bf8 15. Bxf8 Kxf8 16. a5 Be6 17. Bd3 b5 18. b4 a6 19. Rfd1 Rac8 20. Ne2 c5 21. bxc5 Rxc5 22. f3 Ke7 23. Kf2 Rdc8 24. h4 h5 25. Ng3 Ne8 26. Nf1 Nd6 27. Ne3 Rc3 28. Rd2 R8c5 29. Rad1 Ra3 30. Bf1 Nb7 31. g4 Rcc3 32. Bd3 Nc5 33. gxh5 gxh5 34. Rg1 Nxd3+ 35. cxd3 Rxd3 36. Rxd3 Rxd3 37. Rg5 b4 38. Ke2 Ra3 39. Rxe5 b3 40. Nc4 Ra4 41. Nd2 b2 42. Rc5 Rb4 43. Rc7+ Kd8 44. Rc6 b1=Q 45. Nxb1 Rxb1 46. Rxa6 Bc4+ 0-1


[Site "https://www.chess.com"]

[Event "Titled Tuesday Blitz November 2 2021"]
[White "Rostovtsev, Dmitry"]
[Black "Mezentsev, Ivan"]
[WhiteFideId "34278320"]
[BlackFideId "13706195"]
[WhiteElo "2294"]
[BlackElo "2295"]
[Result "1-0"]
[Round "10"]
[TimeControl "180+1"]
[Date "2021.11.02"]
[WhiteClock "0:00:43"]
[BlackClock "0:00:22"]

1. e4 d5 2. exd5 Nf6 3. d4 Nxd5 4. c4 Nb6 5. Nc3 e5 6. d5 Bb4 7. Ne2 O-O 8. a3 Be7 9. Ng3 c6 10. Be2 cxd5 11. cxd5 f5 12. O-O a6 13. f4 e4 14. Be3 Bd6 15. Qd4 N8d7 16. b4 Bb8 17. Rac1 Ba7 18. Qd2 Nf6 19. Rfd1 Bd7 20. Bc5 Rf7 21. Qd4 Nc8 22. Bxa7 Nxa7 23. Bc4 Nb5 24. Nxb5 axb5 25. Bb3 Rxa3 26. Qb2 Qb6+ 27. Rc5 Ra4 28. d6 Kf8 29. Bxf7 Kxf7 30. Qd4 Kg6 31. h3 Ra3 32. Kh2 Qd8 33. Qe5 Ra2 34. Nxf5 Bxf5 35. Qxf5+ Kf7 36. Rc7+ Kf8 37. Rc8 1-0


[Site "https://www.chess.com"]

[Event "Titled Tuesday Blitz November 2 2021"]
[White "Sanchez Alvares, Kelvin Antonio"]
[Black "Vlassov, Nikolai"]
[WhiteFideId "3906680"]
[BlackFideId "4103360"]
[WhiteElo "2193"]
[BlackElo "2407"]
[Result "1-0"]
[Round "10"]
[TimeControl "180+1"]
[Date "2021.11.02"]
[WhiteClock "0:00:28"]
[BlackClock "0:00:03"]

1. d4 Nf6 2. c4 Nc6 3. Nf3 e6 4. Bg5 h6 5. Bxf6 Qxf6 6. Nc3 Bb4 7. Rc1 d6 8. d5 Bxc3+ 9. Rxc3 Ne7 10. e4 O-O 11. Be2 Ng6 12. O-O Nf4 13. Re1 Re8 14. Bf1 e5 15. c5 Bd7 16. cxd6 cxd6 17. Qb3 Reb8 18. Rec1 Qd8 19. Rc7 Bg4 20. h3 Bxf3 21. Qxf3 Rc8 22. Qc3 Rxc7 23. Qxc7 Qg5 24. Rc3 Qg6 25. Qxb7 Rf8 26. Re3 f5 27. Rg3 Qf6 28. exf5 Nh5 29. Rg6 Qxf5 30. Rxg7+ Nxg7 31. Qxa7 Qc2 32. b4 Nf5 33. Qd7 Nd4 34. Qg4+ Kh7 35. Qh4 1-0


[Site "https://www.chess.com"]

[Event "Titled Tuesday Blitz November 2 2021"]
[White "Shkapenko, Pavel"]
[Black "Goltseva, Ekaterina"]
[WhiteFideId "4151933"]
[BlackFideId "24173770"]
[WhiteElo "2386"]
[BlackElo "2059"]
[Result "0-1"]
[Round "10"]
[TimeControl "180+1"]
[Date "2021.11.02"]
[WhiteClock "0:00:06"]
[BlackClock "0:00:15"]

1. e4 e5 2. Nf3 Nc6 3. g3 d5 4. exd5 Qxd5 5. Bg2 Nf6 6. O-O Bg4 7. h3 Bxf3 8. Bxf3 Qe6 9. Re1 O-O-O 10. Bg2 Bc5 11. d3 e4 12. Nc3 Qf5 13. Nxe4 Nxe4 14. Rxe4 Qxf2+ 15. Kh2 Rhe8 16. Rf4 Qe1 17. Bd2 Qxd1 18. Rxd1 f6 19. Re4 Nd4 20. c3 Nf5 21. Rf1 Nd6 22. Rxe8 Rxe8 23. d4 Nc4 24. Re1 Rxe1 25. Bxe1 Bd6 26. b3 Ne3 27. Bf3 c6 28. Kg1 Kc7 29. g4 Nd5 30. Be2 Nf4 31. Bf1 c5 32. dxc5 Bxc5+ 33. Bf2 Kd6 34. c4 b6 35. Bxc5+ Kxc5 36. Kf2 Kd4 37. Kf3 Ne6 38. h4 h6 39. Bg2 g5 40. hxg5 hxg5 41. Kf2 Nc5 42. Bd5 Kc3 43. Ke3 a5 44. Bc6 Kb2 45. Kd4 Kxa2 46. Kd5 Kxb3 47. Bb5 a4 0-1


[Site "https://www.chess.com"]

[Event "Titled Tuesday Blitz November 2 2021"]
[White "Skatchkov, Valery"]
[Black "Sawyer, Bradley"]
[WhiteFideId "24195812"]
[BlackFideId "2023784"]
[WhiteElo "2195"]
[BlackElo "2376"]
[Result "0-1"]
[Round "10"]
[TimeControl "180+1"]
[Date "2021.11.02"]
[WhiteClock "0:00:13"]
[BlackClock "0:00:09"]

1. d4 Nf6 2. c4 e6 3. Nc3 Bb4 4. Nf3 c5 5. e3 d5 6. cxd5 Nxd5 7. Bd2 cxd4 8. exd4 Nc6 9. Bd3 Be7 10. O-O O-O 11. Qe2 Bf6 12. Qe4 g6 13. Bh6 Bg7 14. Bxg7 Kxg7 15. Rad1 Nf6 16. Qh4 b6 17. Ng5 Bb7 18. Qg3 Nb4 19. Bb1 Nbd5 20. Nce4 Nxe4 21. Bxe4 Rb8 22. h4 Nf6 23. Bxb7 Rxb7 24. Rfe1 Qd5 25. Re5 Qxa2 26. h5 Nxh5 27. Nxe6+ Qxe6 28. Rxh5 Qe2 29. Qe5+ Qxe5 30. Rxe5 Rd7 31. d5 Rfd8 32. f4 f6 33. Re3 Rxd5 34. Rxd5 Rxd5 35. Re7+ Kh6 36. Rxa7 Rd1+ 37. Kh2 Rd2 38. b3 Rb2 39. Kh3 Rxb3+ 40. Kh4 Rb4 41. Kg3 g5 42. f5 Rb5 43. Rc7 Rxf5 44. Rc6 Kg6 45. Rxb6 h5 46. Kh3 h4 47. Rb4 Rc5 48. Ra4 Rc3+ 49. Kh2 Kh5 50. Rb4 f5 51. Ra4 f4 52. Rb4 Kg4 53. Rb3 Rxb3 0-1


[Site "https://www.chess.com"]

[Event "Titled Tuesday Blitz November 2 2021"]
[White "Svane, Frederik"]
[Black "Terry, Renato"]
[WhiteFideId "12923044"]
[BlackFideId "3803457"]
[WhiteElo "2459"]
[BlackElo "2577"]
[Result "1-0"]
[Round "10"]
[TimeControl "180+1"]
[Date "2021.11.02"]
[WhiteClock "0:00:16"]
[BlackClock "0:00:01"]

1. e4 e6 2. d4 d5 3. Nd2 Be7 4. e5 c5 5. Qg4 Kf8 6. Ngf3 Nc6 7. Nb3 h5 8. Qf4 c4 9. Nc5 b6 10. Na4 Nh6 11. Nc3 Nf5 12. Ne2 h4 13. Rg1 Nb4 14. Kd1 Bd7 15. a3 Nc6 16. g4 hxg3 17. hxg3 Kg8 18. Bd2 b5 19. Bg2 a5 20. Rh1 Rxh1+ 21. Bxh1 b4 22. Bg2 c3 23. bxc3 bxa3 24. g4 Nh6 25. Ng3 Bf8 26. g5 Nf5 27. Nxf5 exf5 28. Nh4 Ne7 29. g6 Qe8 30. Bc1 Be6 31. Bxa3 Nxg6 32. Nxg6 fxg6 33. Bxf8 Qxf8 34. c4 Qd8 35. Qf3 Qh4 36. c3 Rd8 37. Rxa5 dxc4 38. d5 f4 39. Ke1 Bf5 40. d6 Qg5 41. Ra8 Kh7 42. Rxd8 Qxd8 43. Qd5 Qb6 44. Be4 1-0


[Site "https://www.chess.com"]

[Event "Titled Tuesday Blitz November 2 2021"]
[White "Tikhonov, Viacheslav"]
[Black "Yaksin, Oleg"]
[WhiteFideId "44196407"]
[BlackFideId "24105880"]
[WhiteElo "1773"]
[BlackElo "2256"]
[Result "0-1"]
[Round "10"]
[TimeControl "180+1"]
[Date "2021.11.02"]
[WhiteClock "0:00:05"]
[BlackClock "0:00:12"]

1. e4 c5 2. Nf3 d6 3. d4 cxd4 4. Nxd4 Nf6 5. Nc3 Nc6 6. Bg5 e6 7. Qd2 Be7 8. O-O-O Qb6 9. Nb3 O-O 10. Be3 Qd8 11. f3 a6 12. g4 Bd7 13. h4 Ne5 14. Be2 Rc8 15. g5 Nh5 16. f4 Nc4 17. Bxc4 Rxc4 18. Rhg1 Qc7 19. f5 Rxc3 20. Qxc3 Qxc3 21. bxc3 exf5 22. e5 f4 23. Bf2 Bc6 24. exd6 Bd8 25. Nd4 Bd5 26. Kb2 g6 27. Nf5 Bf3 28. Ne7+ Kg7 29. Rd3 Be2 30. Rd2 f3 31. Bd4+ f6 32. Nd5 Kf7 33. gxf6 Nxf6 34. Nf4 Ne4 35. Rxe2 fxe2 36. Nxe2 Nxd6 37. Bc5 Be7 38. Kb3 Ke8 39. h5 gxh5 40. Rh1 Rf5 41. Bd4 h4 42. Nc1 Ne4 43. Nd3 Ng3 44. Rh3 Rb5+ 45. Kc4 Ra5 46. Bf2 Rxa2 47. Kb3 Ra3+ 48. Kb2 Nf5 49. Rf3 Ra5 50. Nc5 Rb5+ 51. Nb3 Nd6 52. Rd3 Nc4+ 53. Kc1 Rf5 54. Bd4 Rf1+ 55. Rd1 Rxd1+ 56. Kxd1 h3 57. Bg1 Bd6 58. Ke2 h2 59. Bxh2 Bxh2 60. Kd3 Nd6 61. Nc5 h5 62. Ke2 Be5 63. c4 h4 64. Kf3 h3 65. Kf2 h2 66. Kg2 Ke7 67. Nd3 Ke6 68. c5 Nf5 69. c6 bxc6 70. Nb4 Ne3+ 71. Kh1 Ng4 72. Nd3 Bg3 73. Kg2 Nf2 74. Nf4+ Bxf4 75. Kf3 h1=Q+ 76. Ke2 Qe4+ 77. Kf1 Qf3 78. c4 Ne4+ 79. Ke1 Qf2+ 80. Kd1 Qd2# 0-1


[Site "https://www.chess.com"]

[Event "Titled Tuesday Blitz November 2 2021"]
[White "Wagner, Dennis"]
[Black "Yuan, Qingyu"]
[WhiteFideId "24650684"]
[BlackFideId "8609772"]
[WhiteElo "2355"]
[BlackElo "2359"]
[Result "1-0"]
[Round "10"]
[TimeControl "180+1"]
[Date "2021.11.02"]
[WhiteClock "0:00:05"]
[BlackClock "0:00:02"]

1. e4 g6 2. d4 Bg7 3. Nc3 a6 4. Be3 b5 5. Qd2 d6 6. Nf3 Nd7 7. Bd3 Bb7 8. a4 b4 9. Ne2 c5 10. c3 Ngf6 11. Ng3 bxc3 12. bxc3 cxd4 13. cxd4 Ng4 14. a5 Nxe3 15. fxe3 O-O 16. O-O Rc8 17. Rab1 Rc7 18. Qe2 Qa8 19. Bc4 Nf6 20. Ng5 d5 21. exd5 Nxd5 22. Nxf7 Rxf7 23. Rxf7 Kxf7 24. Rxb7 Qxb7 25. Qf3+ Ke6 26. Qg4+ Kf7 27. Qf3+ Ke8 28. Bxd5 Qb1+ 29. Nf1 Bf6 30. Bg8 Qb7 31. d5 Qb5 32. Bxh7 Rc1 33. Bxg6+ Kd8 34. g3 Qxa5 35. Bd3 Qa3 36. Qe4 Rd1 37. Be2 Re1 38. Bg4 Qc1 39. Bh3 Qc5 40. Qf5 Kc7 41. Qc8+ Kb6 42. Qb8+ Ka5 43. Qb3 Qb4 44. Qa2+ Kb6 45. Qf2 Qc5 46. Qxe1 Bc3 47. Qb1+ Bb4 48. Bg2 a5 49. Qb3 Qc1 50. h4 Kb5 51. Qd3+ Kb6 52. Bf3 a4 53. Be2 Bc5 54. Qb5+ Kc7 55. Qxa4 Bxe3+ 56. Kg2 Bc5 57. Qc6+ Kd8 58. h5 Qc2 59. Qa8+ Kd7 60. Qa6 Qe4+ 61. Bf3 Qd4 62. Qe2 Qg1+ 63. Kh3 Bd6 64. Qe6+ Kc7 65. Qe2 Bc5 66. h6 Bd6 67. h7 Qd4 68. Qe4 Qf6 69. Qg4 Qh6+ 70. Qh5 Qc1 71. Bg2 Be5 72. Qxe5+ Kd8 73. h8=Q+ 1-0


[Site "https://www.chess.com"]

[Event "Titled Tuesday Blitz November 2 2021"]
[White "Weetik, Vjacheslav"]
[Black "Zierk, Steven"]
[WhiteFideId "4153472"]
[BlackFideId "2034255"]
[WhiteElo "2469"]
[BlackElo "2494"]
[Result "0-1"]
[Round "10"]
[TimeControl "180+1"]
[Date "2021.11.02"]
[WhiteClock "0:00:03"]
[BlackClock "0:00:04"]

1. d4 d5 2. Bf4 Nf6 3. e3 c5 4. c3 e6 5. Nd2 Bd6 6. Bxd6 Qxd6 7. Bd3 Nc6 8. f4 Ne7 9. Qe2 cxd4 10. cxd4 Nf5 11. g4 Ne7 12. Ngf3 Nxg4 13. Rg1 h5 14. h3 Nh6 15. Rxg7 Nhf5 16. Rg1 Bd7 17. O-O-O O-O-O 18. Kb1 h4 19. Ne5 Be8 20. Nb3 Kb8 21. Rc1 f6 22. Ng4 Bh5 23. Nc5 b6 24. Na6+ Ka8 25. a3 Rc8 26. Nb4 Bg6 27. Ka2 Ng3 28. Qd2 Bxd3 29. Qxd3 Ne4 30. Qa6 Kb8 31. Qa4 a5 32. Nd3 Rc6 33. Qb5 Rhc8 34. Rxc6 Qxc6 35. Qxc6 Rxc6 36. Kb1 Nf5 37. Rg2 Rc7 38. Rc2 Rg7 39. Rc6 Rxg4 40. hxg4 Nxe3 41. Rxe6 h3 42. Re8+ Kc7 43. Rh8 Nxg4 44. Rxh3 Kd6 45. Rh7 Ne3 46. a4 Nc4 47. Ka2 Ncd2 48. b3 Nf3 49. Kb2 Nxd4 50. Rh8 Nd2 51. Rd8+ Kc7 52. Rf8 Ne4 53. Rf7+ Kd6 54. b4 axb4 55. Nxb4 Ne6 56. Rb7 Kc5 57. Na6+ Kc6 58. Rb8 Nxf4 59. Nb4+ Kc7 60. Rf8 d4 61. Kb3 Ne6 62. Rf7+ Kd6 63. Nd3 Kc6 64. Kc4 Nd6+ 65. Kb4 Nxf7 0-1


[Site "https://www.chess.com"]

[Event "Titled Tuesday Blitz November 2 2021"]
[White "Yeletsky, Ivan"]
[Black "Papasimakopoulos, Alexandros"]
[WhiteFideId "24180327"]
[BlackFideId "4244125"]
[WhiteElo "2352"]
[BlackElo "2352"]
[Result "1-0"]
[Round "10"]
[TimeControl "180+1"]
[Date "2021.11.02"]
[WhiteClock "0:00:57"]
[BlackClock "0:00:46"]

1. d4 f5 2. Bf4 d6 3. e3 Nf6 4. Nc3 g6 5. h4 h6 6. Qf3 Bg7 7. Bc4 e6 8. Nge2 O-O 9. O-O-O d5 10. Bd3 c6 11. Qg3 Nbd7 12. Qxg6 Qe8 13. Qxe8 Rxe8 14. h5 e5 15. dxe5 Nxe5 16. f3 Bd7 17. Nd4 Nxd3+ 18. cxd3 a6 19. Na4 Re7 20. Nb6 Rae8 21. Nb3 Be6 22. Nc5 Nd7 23. Nbxd7 Bxd7 24. Nxb7 d4 25. e4 Be6 26. Nd6 Rd8 27. Nxf5 Bxf5 28. exf5 Re2 29. Rd2 Re7 30. g4 Rd5 31. Rhh2 Re1+ 32. Rd1 Re7 33. Kd2 Rb5 34. b3 Ra5 35. Ra1 Rb7 36. Re2 Rxb3 37. axb3 Rxa1 38. Re6 Ra2+ 39. Kd1 Ra1+ 40. Ke2 Ra2+ 41. Kf1 Rc2 42. Bxh6 Bxh6 43. Rxh6 Rc3 44. Ke2 Rc2+ 45. Kd1 Rc3 46. Kd2 a5 47. Rg6+ Kh7 48. g5 Rxb3 49. Rh6+ Kg7 50. Rxc6 Rb2+ 51. Rc2 Rb5 52. h6+ Kf8 53. Rc8+ Ke7 54. h7 1-0


[Site "https://www.chess.com"]

[Event "Titled Tuesday Blitz November 2 2021"]
[White "Zhigalko, Sergei"]
[Black "Demidov, Mikhail"]
[WhiteFideId "13502956"]
[BlackFideId "4197143"]
[WhiteElo "2662"]
[BlackElo "2527"]
[Result "1/2-1/2"]
[Round "10"]
[TimeControl "180+1"]
[Date "2021.11.02"]
[WhiteClock "0:00:08"]
[BlackClock "0:00:09"]

1. e4 Nf6 2. e5 Nd5 3. Nf3 d6 4. d4 Nb6 5. Bd3 g6 6. O-O Bg7 7. Re1 O-O 8. h3 dxe5 9. dxe5 Nc6 10. Nc3 Nb4 11. Bg5 h6 12. Bh4 Nxd3 13. cxd3 Be6 14. d4 Nd5 15. Ne4 b6 16. Qd2 Qd7 17. Rac1 Rfd8 18. a3 a5 19. Red1 Rac8 20. Nh2 Bf5 21. Qe1 Qb5 22. Rd2 Kh7 23. Nc3 Nxc3 24. Rxc3 Rd7 25. Nf3 Qd5 26. Re3 Be6 27. Rc3 Bf5 28. Re3 Be6 29. Rc3 Kg8 30. Re3 Qb7 31. Rc3 Bf8 32. Qc1 Bd5 33. Ne1 Be4 34. Bg3 e6 35. f3 Bd5 36. Bf2 b5 37. Nd3 b4 38. axb4 axb4 39. Rcc2 Qb5 40. Nc5 Rdd8 41. Be3 Ra8 42. Rd1 Kh7 43. Ne4 Bxe4 44. fxe4 c5 45. d5 b3 46. Rc4 Ra4 47. Rxa4 Qxa4 48. Rf1 Qxe4 49. Rxf7+ Kg8 50. dxe6 Qxe5 51. Bxh6 Qxe6 52. Rf1 Bd6 53. Qg5 Rd7 54. Kh1 Rf7 55. Qd8+ Kh7 56. Rxf7+ Qxf7 57. Qxd6 Kxh6 58. Qxc5 Qf1+ 59. Qg1 Qd3 60. Qc1+ Kh7 61. Qc7+ Kh6 62. Qe5 Qc2 63. Kh2 Kh7 64. Qd4 Kg8 65. h4 Kh7 66. Kg3 Kg8 67. Kf3 Kh7 68. g3 Kg8 69. Kf4 Qf5+ 70. Ke3 Qc2 71. Qd5+ Kg7 72. Qd4+ Kh7 73. Qd7+ Kh6 74. Qd2 Qc4 75. Qd3 Qc1+ 76. Qd2 Qc4 77. Kf2+ Kh7 78. Kf3 Qc6+ 79. Ke3 Qc5+ 80. Kd3 Qd5+ 81. Kc3 Qa5+ 82. Kd3 Qd5+ 83. Ke2 Qg2+ 84. Kd1 Qxg3 85. Qd7+ Kh6 86. Qd4 Qf3+ 87. Kd2 Kh5 88. Qh8+ Kg4 89. Qh6 Qf4+ 90. Qxf4+ Kxf4 91. Kc3 Kg4 92. Kxb3 Kxh4 93. Kc2 g5 94. b4 g4 95. b5 g3 96. b6 g2 97. b7 g1=Q 98. b8=Q Qg2+ 99. Kb3 Qg3+ 100. Qxg3+ Kxg3 1/2-1/2


[Site "https://www.chess.com"]

[Event "Titled Tuesday Blitz November 2 2021"]
[White "Aditya Mittal"]
[Black "Siva Mahadevan"]
[WhiteFideId "35042025"]
[BlackFideId "25043153"]
[WhiteElo "2245"]
[BlackElo "2203"]
[Result "1/2-1/2"]
[Round "11"]
[TimeControl "180+1"]
[Date "2021.11.02"]
[WhiteClock "0:00:31"]
[BlackClock "0:02:05"]

1. d4 Nf6 2. c4 g6 3. Nc3 Bg7 4. e4 O-O 5. Be2 d6 6. Be3 e5 7. d5 Na6 8. h4 Nc5 9. Qc2 h5 10. f3 c6 11. Nh3 cxd5 12. cxd5 Bd7 13. Nf2 Rc8 14. Qd2 Qa5 15. Rb1 Na4 16. Nb5 Qxd2+ 17. Kxd2 Bxb5 18. Bxb5 Nb6 19. Rhc1 Nfd7 20. a4 a6 21. Bxd7 Nxd7 22. b4 f5 23. Kd3 Bf6 24. Bg5 Bxg5 25. hxg5 Nb6 26. a5 fxe4+ 27. fxe4 Nxd5 28. exd5 Rxc1 29. Rxc1 Rxf2 30. Rc8+ Rf8 31. Rxf8+ Kxf8 32. g3 1/2-1/2


[Site "https://www.chess.com"]

[Event "Titled Tuesday Blitz November 2 2021"]
[White "Andreikin, Dmitry"]
[Black "Babazada, Khazar"]
[WhiteFideId "4158814"]
[BlackFideId "13413554"]
[WhiteElo "2736"]
[BlackElo "2302"]
[Result "1/2-1/2"]
[Round "11"]
[TimeControl "180+1"]
[Date "2021.11.02"]
[WhiteClock "0:00:12"]
[BlackClock "0:00:07"]

1. d4 g6 2. e4 Bg7 3. Nf3 c6 4. Bd3 d5 5. Nbd2 Bg4 6. c3 Nf6 7. e5 Nfd7 8. h3 Bxf3 9. Nxf3 e6 10. h4 h6 11. b4 a5 12. b5 c5 13. a4 Qc7 14. O-O Bf8 15. Be3 Nb6 16. Nd2 h5 17. Rc1 N8d7 18. c4 Rc8 19. cxd5 Nxd5 20. Ne4 Qb8 21. Qf3 Be7 22. Bg5 cxd4 23. Rxc8+ Qxc8 24. Rc1 Qb8 25. Nd6+ Bxd6 26. exd6 O-O 27. Qe4 Qxd6 28. Qxd4 Qe5 29. Qxe5 Nxe5 30. Be4 Re8 31. g3 b6 32. Kg2 Nd7 33. Rc6 Nb4 34. Rd6 Nc5 35. Bc6 Rc8 36. Bd7 Nxd7 37. Rxd7 Nd5 38. Rb7 Rc4 39. Bd8 Rxa4 40. Bxb6 Nxb6 41. Rxb6 Rb4 42. Rb8+ Kg7 43. b6 a4 44. b7 a3 45. Ra8 Rxb7 46. Rxa3 Rb5 47. Re3 Kf6 48. Rf3+ Ke7 49. Ra3 Rd5 50. Ra7+ Rd7 51. Ra3 e5 52. Ra5 Ke6 53. Ra6+ Rd6 54. Ra8 f6 55. Rg8 Kf5 56. Ra8 Rd2 57. Ra4 Rd4 58. Ra5 g5 59. hxg5 fxg5 60. Ra8 h4 61. Rf8+ Kg6 62. Rg8+ Kf6 63. Rf8+ Ke6 64. Re8+ Kf5 65. Rf8+ Kg4 66. f3+ Kh5 67. Rf6 g4 68. Rf5+ Kg6 69. fxg4 Rxg4 70. Rxe5 Rxg3+ 71. Kh2 Rg5 72. Rxg5+ Kxg5 73. Kh3 Kh5 74. Kh2 Kg4 75. Kh1 Kf4 76. Kg1 Kg3 77. Kh1 h3 78. Kg1 h2+ 79. Kh1 Kh3 1/2-1/2


[Site "https://www.chess.com"]

[Event "Titled Tuesday Blitz November 2 2021"]
[White "Demidov, Mikhail"]
[Black "Nakamura, Hikaru"]
[WhiteFideId "4197143"]
[BlackFideId "2016192"]
[WhiteElo "2527"]
[BlackElo "2884"]
[Result "0-1"]
[Round "11"]
[TimeControl "180+1"]
[Date "2021.11.02"]
[WhiteClock "0:00:01"]
[BlackClock "0:00:17"]

1. Nf3 d5 2. d4 Nf6 3. Bf4 e6 4. e3 Bd6 5. Bg3 Qe7 6. c4 Nbd7 7. Nc3 c6 8. Bxd6 Qxd6 9. Be2 O-O 10. O-O Re8 11. Rc1 a6 12. a3 b5 13. cxd5 cxd5 14. Bd3 Bb7 15. Nd2 e5 16. Nb3 e4 17. Be2 g6 18. Qd2 h5 19. Na2 Rad8 20. Qb4 Qb8 21. Na5 Nf8 22. a4 Ba8 23. Nc6 Bxc6 24. Rxc6 Re6 25. Rfc1 bxa4 26. h3 Qxb4 27. Nxb4 Rb8 28. Nxa6 Rxb2 29. R6c2 Reb6 30. Nc5 a3 31. Na4 Rxc2 32. Rxc2 Rb4 33. Nc3 N8d7 34. Ra2 Rb3 35. Nb5 Rb2 36. Rxb2 axb2 37. Nc3 Nb6 38. Bb5 Nc4 39. Nb1 g5 40. Kf1 h4 41. Ke2 g4 42. hxg4 Nxg4 43. Bc6 Nb6 44. f3 Nf6 45. Nc3 Kg7 46. Nb1 Kg6 47. fxe4 Nxe4 48. Kf3 f5 49. Kf4 Kf6 50. Bb7 Nd6 51. Bc6 Ne4 52. Bb7 Ng5 53. Bc6 Ne6+ 54. Kf3 Kg5 55. Bb7 Nd8 56. Ba6 Nc6 57. Bd3 Nb4 58. Be2 Nc4 59. Bf1 Nd6 60. Be2 Ne4 61. Bf1 Nc2 62. Bd3 Ne1+ 63. Ke2 Nxg2 64. Bb5 h3 65. Kf1 Nxe3+ 66. Kg1 Ng4 0-1


[Site "https://www.chess.com"]

[Event "Titled Tuesday Blitz November 2 2021"]
[White "Djordjevic, Vuk"]
[Black "Weetik, Vjacheslav"]
[WhiteFideId "902098"]
[BlackFideId "4153472"]
[WhiteElo "2463"]
[BlackElo "2469"]
[Result "1-0"]
[Round "11"]
[TimeControl "180+1"]
[Date "2021.11.02"]
[WhiteClock "0:00:48"]
[BlackClock "0:00:07"]

1. e4 c6 2. d4 d5 3. Nd2 dxe4 4. Nxe4 Nf6 5. Nxf6+ exf6 6. c3 Bd6 7. Bd3 O-O 8. Qc2 Re8+ 9. Ne2 h5 10. Be3 Nd7 11. O-O-O Nf8 12. h3 Be6 13. c4 Rc8 14. Kb1 b5 15. c5 Bb8 16. Nf4 Bxf4 17. Bxf4 Qd5 18. b3 Ng6 19. Be4 Qd7 20. Bd6 Ne7 21. g4 Bd5 22. f3 h4 23. Rde1 Rcd8 24. Re2 Bxe4 25. fxe4 Nc8 26. e5 Nxd6 27. cxd6 Re6 28. Rhe1 Qb7 29. g5 fxe5 30. dxe5 c5 31. Re4 c4 32. Rxh4 g6 33. Rf4 Rdxd6 34. Qc3 Rd3 35. Qc2 Qd5 36. bxc4 bxc4 37. Qxc4 Rd1+ 38. Rxd1 Qxd1+ 39. Kb2 Rb6+ 40. Ka3 Qd2 41. Qxf7+ 1-0


[Site "https://www.chess.com"]

[Event "Titled Tuesday Blitz November 2 2021"]
[White "Gaehwiler, Gabriel"]
[Black "Hirneise, Jens"]
[WhiteFideId "1314530"]
[BlackFideId "24614734"]
[WhiteElo "2320"]
[BlackElo "2323"]
[Result "1-0"]
[Round "11"]
[TimeControl "180+1"]
[Date "2021.11.02"]
[WhiteClock "0:01:09"]
[BlackClock "0:00:07"]

1. Nf3 e6 2. c4 g5 3. d4 g4 4. Ne5 Nf6 5. Nc3 d6 6. Nd3 Nc6 7. d5 exd5 8. cxd5 Ne5 9. e4 Ng6 10. Be3 Bg7 11. Be2 h5 12. Qc2 a6 13. f4 gxf3 14. gxf3 Bh6 15. Qd2 Bxe3 16. Qxe3 Qe7 17. O-O-O Bd7 18. Kb1 c5 19. dxc6 Bxc6 20. Nb4 Ne5 21. Rhg1 a5 22. Nc2 O-O-O 23. Qa7 Qc7 24. Ne3 b6 25. Qxc7+ Kxc7 26. Rc1 Kd7 27. Rgd1 Ke8 28. Bb5 Bxb5 29. Nxb5 Nxf3 30. Nxd6+ Ke7 31. Rc7+ Ke6 32. Nef5 Rhe8 33. Ng7+ Ke5 34. Ngxe8 Kf4 1-0


[Site "https://www.chess.com"]

[Event "Titled Tuesday Blitz November 2 2021"]
[White "Gelman, Alexander"]
[Black "Lazavik, Denis"]
[WhiteFideId "4118316"]
[BlackFideId "13515110"]
[WhiteElo "2375"]
[BlackElo "2436"]
[Result "0-1"]
[Round "11"]
[TimeControl "180+1"]
[Date "2021.11.02"]
[WhiteClock "0:00:03"]
[BlackClock "0:00:02"]

1. d4 Nf6 2. Nc3 d5 3. Bf4 c5 4. e3 cxd4 5. exd4 Bg4 6. f3 Bd7 7. Qd2 e6 8. g4 Qb6 9. Nge2 Nc6 10. h4 Rc8 11. h5 h6 12. Nd1 Na5 13. b3 Bb5 14. c3 Nc6 15. Ne3 Be7 16. Kf2 Nd7 17. Kg2 O-O 18. Re1 Rfd8 19. Bg3 Qa5 20. Nf4 Bxf1+ 21. Rhxf1 Bg5 22. Re2 Nf6 23. Nh3 Bxe3 24. Qxe3 Re8 25. Bh4 e5 26. Bxf6 gxf6 27. Qxh6 exd4 28. Rxe8+ Rxe8 29. Qxf6 Qxc3 30. Rf2 Re6 31. Qf5 d3 32. Ng5 Rf6 33. Qh7+ Kf8 34. h6 d2 35. Qg7+ Ke7 36. h7 d1=Q 37. h8=Q Qe5 38. Nxf7 Rxf7 39. Qxe5+ Nxe5 40. Qxe5+ Kd7 41. g5 Qd3 42. f4 Re7 43. Qf6 Re3 44. Qh6 Rg3+ 45. Kh2 Re3 46. g6 Re6 47. Qh3 Qd4 48. f5 Qxf2+ 49. Qg2 Qh4+ 50. Qh3 Re2+ 51. Kg1 Qxh3 0-1


[Site "https://www.chess.com"]

[Event "Titled Tuesday Blitz November 2 2021"]
[White "Goltseva, Ekaterina"]
[Black "Rychagov, Andrey"]
[WhiteFideId "24173770"]
[BlackFideId "4119932"]
[WhiteElo "2059"]
[BlackElo "2500"]
[Result "0-1"]
[Round "11"]
[TimeControl "180+1"]
[Date "2021.11.02"]
[WhiteClock "0:00:17"]
[BlackClock "0:01:33"]

1. d4 f5 2. c4 Nf6 3. Nc3 e6 4. Qc2 Bb4 5. Bd2 O-O 6. e3 d6 7. Bd3 Qe7 8. O-O-O a5 9. Nge2 Nc6 10. f3 Bxc3 11. bxc3 e5 12. Bxf5 Bxf5 13. Qxf5 e4 14. Qg5 a4 15. Nf4 Qf7 16. Nd5 exf3 17. gxf3 Na5 18. Nxf6+ Qxf6 19. Qxf6 Rxf6 20. Rhf1 Nxc4 21. e4 Raf8 22. f4 Nxd2 23. Kxd2 Rxf4 24. Rxf4 Rxf4 25. Ke3 Rh4 26. Rd2 Rh3+ 27. Kf4 Rxc3 28. Rb2 b6 29. e5 dxe5+ 30. dxe5 Kf7 31. Kf5 g6+ 32. Ke4 Ke6 33. Kd4 Rc5 34. Re2 Rd5+ 35. Kc4 Rxe5 36. Rf2 b5+ 37. Kb4 c6 38. Rd2 Re4+ 39. Kc5 Rc4+ 40. Kb6 Kf5 41. Rf2+ Kg4 42. Rg2+ Kh3 43. Re2 h5 44. Kc7 g5 45. Kd6 g4 46. Ke5 h4 47. Kf5 g3 48. hxg3 hxg3 49. Re7 g2 50. Rh7+ Rh4 51. Rg7 Kh2 52. Kg5 g1=Q+ 53. Kxh4 Qxg7 54. Kh5 Kg3 55. a3 Kf4 56. Kh4 Qh6# 0-1


[Site "https://www.chess.com"]

[Event "Titled Tuesday Blitz November 2 2021"]
[White "Golubev, Mikhail"]
[Black "Costachi, Mihnea"]
[WhiteFideId "14100983"]
[BlackFideId "1217518"]
[WhiteElo "2374"]
[BlackElo "2482"]
[Result "0-1"]
[Round "11"]
[TimeControl "180+1"]
[Date "2021.11.02"]
[WhiteClock "0:00:02"]
[BlackClock "0:01:25"]

1. e4 e5 2. Nf3 Nc6 3. Bb5 a6 4. Ba4 Nf6 5. O-O Be7 6. Re1 b5 7. Bb3 O-O 8. a4 Rb8 9. axb5 axb5 10. d3 d6 11. Nbd2 Be6 12. Bxe6 fxe6 13. c3 Qe8 14. d4 exd4 15. cxd4 Nh5 16. d5 Nd8 17. Nd4 Nf4 18. N2f3 e5 19. Bxf4 exd4 20. Bg3 Bf6 21. Nxd4 Bxd4 22. Qxd4 Nf7 23. f3 Ng5 24. Bh4 Qg6 25. Bxg5 Qxg5 26. Qe3 Qe7 27. Ra7 Rbc8 28. Rb7 Qd7 29. Qd3 Rb8 30. Rxb8 Rxb8 31. Ra1 b4 32. b3 c5 33. dxc6 Qxc6 34. Rd1 Rb6 35. Qd5+ Qxd5 36. Rxd5 Kf7 37. Kf2 Ke6 38. Rd4 Ke5 39. Ke3 g5 40. Rd5+ Kf6 41. Rf5+ Kg6 42. Kd2 Ra6 43. Rd5 Ra2+ 44. Kd3 Rxg2 45. Rxd6+ Kf7 46. Rh6 Kg7 47. Rh3 Kg6 48. Kc4 h5 49. Kxb4 h4 50. Kb5 Rf2 51. b4 Kf6 52. Kb6 Ke5 53. f4+ Kxf4 54. b5 Kg4 55. Rb3 Rxh2 56. Kb7 Re2 57. b6 Rxe4 58. Kc6 h3 59. b7 Re8 0-1


[Site "https://www.chess.com"]

[Event "Titled Tuesday Blitz November 2 2021"]
[White "Gubajdullin, Alexei"]
[Black "Alavi, Sayed Javad"]
[WhiteFideId "4141202"]
[BlackFideId "12500607"]
[WhiteElo "2268"]
[BlackElo "2495"]
[Result "1-0"]
[Round "11"]
[TimeControl "180+1"]
[Date "2021.11.02"]
[WhiteClock "0:01:39"]
[BlackClock "0:00:27"]

1. d4 Nf6 2. Nf3 c6 3. Bf4 d5 4. e3 Bg4 5. c4 Bxf3 6. Qxf3 e6 7. Nc3 Bb4 8. Qd1 Bd6 9. Bxd6 Qxd6 10. Qb3 b6 11. g3 O-O 12. Bg2 Nbd7 13. O-O Rab8 14. Rfc1 Rfc8 15. Rc2 a6 16. Rac1 b5 17. cxd5 exd5 18. Nxd5 c5 19. dxc5 Nxc5 20. Nxf6+ gxf6 21. Qb4 1-0


[Site "https://www.chess.com"]